 Dungeon Crawl Stone Soup version 0.20.1-1-g8b1a95d (webtiles) character file.

23 Monsterracer the Insei (level 2, -1/14 HPs)
             Began as a Vine Stalker Transmuter on Oct 29, 2017.
             Slain by Natasha (5 damage)
             ... on level 1 of the Dungeon.
             The game lasted 00:02:51 (1582 turns).

Monsterracer the Insei (Vine Stalker Transmuter)    Turns: 1582, Time: 00:02:52

Health: -1/14      AC:  2    Str: 12    XL:     2   Next: 95%
Magic:  0/6        EV: 12    Int: 13    God:
Gold:   51         SH:  0    Dex: 14    Spells: 2/5 levels left

rFire    . . .     SeeInvis .     - Unarmed
rCold    . . .     Gourm    .   (no shield)
rNeg     . . .     Faith    .   b - +0 robe
rPois    .         Spirit   +   (no helmet)
rElec    .         Reflect  .   (no cloak)
rCorr    .         Harm     .   (no gloves)
MR       .....                  (no boots)
Stlth    +.........             (no amulet)
Regen    0.1/turn               (no ring)
MPRegen  0.1/turn               (no ring)

@: slowed, very slow
A: fangs 2, magic shield, antimagic bite, no potion heal 3, rot immunity
a: no special abilities


You were on level 1 of the Dungeon.
You were not hungry.

You visited 1 branch of the dungeon, and saw 2 of its levels.

You collected 51 gold pieces.

Inventory:

Missiles
 a - 29 arrows
Armour
 b - a +0 robe (worn)
Scrolls
 f - a scroll of identify {unknown}
 i - a scroll of noise {unknown}
 k - a scroll of enchant armour {unknown}
 m - a scroll of teleportation {unknown}
Potions
 e - 2 potions of mutation {unknown}
 h - a potion of might {unknown}
 j - a potion of resistance {unknown}
 l - a potion of haste {unknown}
Books
 c - a book of Changes

   Spells                             Type                      Level
   a - Beastly Appendage              Transmutation                1
   b - Sticks to Snakes               Transmutation                2
   c - Spider Form                    Transmutation/Poison         3
   d - Ice Form                       Ice/Transmutation            4
   e - Blade Hands                    Transmutation                5
Comestibles
 d - 2 bread rations
 g - 5 fruits


   Skills:
 - Level 0.8 Fighting
 - Level 1.5 Dodging
 + Level 3.4 Unarmed Combat
 - Level 2.1 Spellcasting
 + Level 2.8 Transmutations


You had 2 spell levels left.
You knew the following spells:

 Your Spells              Type           Power        Failure   Level  Hunger
a - Beastly Appendage     Tmut           #.....       8%          1    ##.....
b - Sticks to Snakes      Tmut           #.......     12%         2    ###....


Dungeon Overview and Level Annotations

Branches:
Dungeon (2/15)

Altars:

Annotations:
D:1 Natasha


Innate Abilities, Weirdness & Mutations

You have extremely sharp teeth.
When hurt, damage is shared between your health and your magic reserves.
Your bite disrupts and absorbs the magic of your enemies.
Potions cannot restore your health.
You are immune to rotting.


Message History

You take 2 damage, and have 8/14 hp.
You hit the hobgoblin but do no damage. Your headbutt misses the hobgoblin.
Your bite misses the hobgoblin.
The hobgoblin is almost dead.
The hobgoblin hits you with a club!
* * * LOW HITPOINT WARNING * * *
The goblin hits you but does no damage.
You take 4 damage, and have 4/14 hp.
MASSIVE DAMAGE!!
You now have 3/6 mp.
You closely miss the hobgoblin.
The hobgoblin is almost dead.
The hobgoblin hits you but does no damage.
The goblin barely misses you.
You hit the hobgoblin.
You kill the hobgoblin!
The goblin hits you but does no damage.
A goblin comes into view. It is wielding a dagger of protection.
The goblin shouts!
You hit the goblin. You headbutt the goblin.
You kill the goblin!
Natasha, Servant of Life and Death comes into view.
You see here a dagger.
Natasha hisses angrily.
You hit the goblin. Your headbutt misses the goblin.
Your bite misses the goblin.
The goblin is moderately wounded.
Your transformation is almost over.
The goblin misses you.
You hit the goblin but do no damage.
The goblin is moderately wounded.
The goblin closely misses you.
There is a stone staircase leading up here.
The goblin hits you with a dagger of protection.
You climb upwards.
There is a stone staircase leading down here.
You now have 3/6 mp.
You hit the goblin but do no damage.
The goblin is moderately wounded.
Your horns disappear.
You hit the goblin. Your bite misses the goblin.
The goblin is severely wounded.
The goblin hits you with a dagger of protection.
* * * LOW HITPOINT WARNING * * *
You take 1 damage, and have 3/14 hp.
You now have 2/6 mp.
Unknown command.
You hit the goblin.
You kill the goblin!
Things that are here:
a dagger of protection; a goblin corpse You butcher the goblin corpse.
n - 3 chunks of flesh
Things that are here:
a dagger of protection; a goblin skeleton
There is a stone staircase leading down here.
You start resting.
Magic restored.
MP restored: 6 Unknown command.
You start resting.
Eating one of 3 chunks of flesh.
You eat one of the 3 chunks of flesh.
This raw flesh tastes terrible.
All of the chunks of flesh in your inventory have rotted away.
HP restored.
Health restored: 14
Casting: Beastly Appendage
Confirm with . or Enter, or press ? or * to list all spells.
Your feet morph into talons.
You now have 5/6 mp.
You climb downwards.
Level annotation: Natasha Natasha stares at you and mumbles some strange words.
The magic dart hits you!
There is a stone staircase leading up here.
You take 6 damage, and have 8/14 hp.
MASSIVE DAMAGE!!
You now have 3/6 mp.
Natasha stares at you and mumbles some strange words.
The magic dart hits you!
* * * LOW HITPOINT WARNING * * *
You climb upwards.
Your transformation is almost over.
There is a stone staircase leading down here.
Unknown command.
Unknown command.
Unknown command.
You take 4 damage, and have 4/14 hp.
MASSIVE DAMAGE!!
You now have 1/6 mp.
Unknown command.
Unknown command.
You see here a dagger of protection.
You see here a dagger.
Natasha stares at you and mumbles some strange words.
You feel yourself slow down.
Casting: Beastly Appendage
Confirm with . or Enter, or press ? or * to list all spells.
You don't have enough magic to cast that spell.
Natasha casts a spell.
Your talons disappear.
Natasha stares at you and mumbles some strange words.
You feel as though you will be slow longer.
Natasha hisses.
Natasha howls an incantation.
Natasha's front paws start to glow.
Natasha claws you!
You die...

###############..♣♣♣..#
#########...............♣♣.♣♣.#
#......##.#############♣♣.♣P..#
.....#.##.######### #♣♣P.PP♣#
...........)......# #...PP♣♣
####.#.##.#######.# #>♣♣P..♣
#.#.##.## #.# ##)#♣♣P...♣
####.#.##..######.####)..♣ ♣....♣
................@h..5..#.#♣♣♣.♣♣♣
####.#####.#####.#####.#...♣ ♣♣
###...###...###...###..###.#
.#.....#.....#.....#...#...#
..#####.......#####....#.###
...###....<....###.......#
....#...........#.....##.#
.....#####.#####.......#.#
#.....###...###..........#


You could see Natasha and a shadow imp.

Vanquished Creatures
  A dart slug (D:1)
  A leopard gecko (D:1)
  6 goblins
  2 hobgoblins
  A ball python (D:1)
  A bat (D:1)
  2 frilled lizards (D:1)
  3 kobolds (D:1)
  2 rats (D:1)
19 creatures vanquished.

Notes
Turn   | Place    | Note
-------+----------+-------------------------------------------
     0 | D:1      | Monsterracer the Vine Stalker Transmuter began the quest for the Orb.
     0 | D:1      | Reached XP level 1. HP: 9/9 MP: 4/4
   226 | D:1      | HP: 4/9 [leopard gecko (1)]
   228 | D:1      | Reached XP level 2. HP: 7/14 MP: 6/6
   780 | D:1      | Learned a level 2 spell: Sticks to Snakes
  1302 | D:2      | HP: 4/14 [hobgoblin/club (4)]
  1306 | D:2      | Noticed Natasha
  1317 | D:1      | HP: 3/14 [goblin/dagger of protection (1)]
  1573 | D:2      | HP: 4/14 [Natasha/magic dart (4)]
  1582 | D:1      | Slain by Natasha

Action                   || total
-------------------------++-------
Melee: Unarmed           ||    64
       Bite              ||    15
       Headbutt          ||     1
 Cast: Beastly Appendage ||     3
  Eat: Chunk             ||     2
Armor: Robe              ||     4
Dodge: Dodged            ||    25

Vault maps used:
D:1:      onia_arrival_pyramid, serial_forest, infiniplex_forest_lined_corner,
          infiniplex_forest_straight_2, infiniplex_forest_side_room,
          infiniplex_forest_lined_room_2
D:2:      minmay_diamond_boxcup, nemelex_xobeh_ov_fountains_minmay,
          uniq_crazy_yiuf_cottage, uniq_natasha, uniq_terence
